 Dungeon Crawl Stone Soup version 0.31-a0-803-g95b03c3367 (webtiles) character file.

Game seed: 2135795561343090651

25 ytrimaz the Ruffian (level 2, 0/21 HPs)
             Began as a Demonspawn Shapeshifter on Sept 20, 2023.
             Slain by an orc
             ... wielding a +0 club
              (5 damage)
             ... on level 3 of the Dungeon.
             The game lasted 00:01:01 (1375 turns).

ytrimaz the Ruffian (Demonspawn Shapeshifter)       Turns: 1375, Time: 00:01:02

Health: 0/21       AC:  4    Str: 14    XL:     2   Next: 86%
Magic:  2/2        EV: 12    Int: 11    God:
Gold:   61         SH:  0    Dex: 12    Spells: 1/1 levels left

rFire   . .          .
                       - Unarmed
rCold   . . .        (no shield)
rNeg    . . .        a - +0 animal skin
rPois   .            (helmet currently unavailable)
rElec   .            (cloak currently unavailable)
rCorr   .            (gloves currently unavailable)
SInv    .            (boots currently unavailable)
Will    .....        (no amulet)
Stlth   +            (no ring)
HPRegen 0.23/turn    (no ring)
MPRegen 0.08/turn

%: no passive effects
@: lethally poisoned (0 -> -15), beast-form
A: beast (slay +1), molten scales 1
a: Begin Untransformation


You were on level 3 of the Dungeon.
You were a hulking beast.
You visited 1 branch of the dungeon, and saw 3 of its levels.

You collected 61 gold pieces.


Innate Abilities, Weirdness & Mutations

You are a hulking beast.
Your limbs bulge with bestial killing power. (Slay +1)
You are partially covered in molten scales. (AC +2)


   Skills:
 - Level 1.0 Fighting
 - Level 1.8 Dodging
 + Level 3.2 Unarmed Combat
 + Level 3.1 Shapeshifting


You had one spell level left.
You didn't know any spells.
Your spell library contained the following spells:

 Spells                   Type           Power      Damage    Failure   Level
 Tukima's Dance           Hex            0%         N/A       71%         3
 Passage of Golubria      Tloc           0%         N/A       98%         4
 Yara's Violent Unravell  Hex/Tmut       0%         3d3       100%        5

Inventory:

Armour
 a - a +0 animal skin (worn)
Talismans
 c - a beast talisman (active)
 d - a flux talisman
Scrolls
 e - a scroll of immolation {unknown}
 f - a scroll of teleportation {unknown}
 h - a scroll of fear {unknown}
 i - a scroll of identify {unknown}
 j - a scroll of noise {unknown}
 l - a scroll of silence {unknown}
 m - a scroll of enchant armour {unknown}
 n - a scroll of torment {unknown}
Potions
 b - 2 potions of lignification
 g - a potion of mutation {unknown}
 k - 2 potions of degeneration {unknown}

Dungeon Overview and Level Annotations

Branches:
Dungeon (3/15) Zot: 16628

Altars:
Sif Muna

.............. ##
.............. #.
.(............ #.#
.............. #..##
......(.<.....
#...#########.##....
#....####...........
#..................
#oh...##...........
......ooo...........####
....................#
......................
.........>...........##
.......................
.................[.....
.............#.##


You could see an orc wizard and 3 orcs.


Message History

😕 HP[-1]
You take 1 damage, and now have 20/21 hp.
You hit the kobold.
You kill the kobold!
No target in view!
Things that are here:
a +0 whip; 3 stones; a kobold corpse You open the door.
There is an open door here.
There is a shaft here.
Key pressed, stopping explore.
Key pressed, stopping explore.
Key pressed, stopping explore.
Found a stone staircase leading down.
No target in view! 😎 HP[+1]
Your hp is fully restored (21).
There is a stone staircase leading down here.
You now have 61 gold pieces (gained 3).
Key pressed, stopping explore.
No target in view!
You open the door.
There is an open door here.
You open the door.
There is an open door here.
Key pressed, stopping explore.
Key pressed, stopping explore.
No target in view!
You see here a +0 mace.
Key pressed, stopping explore.
No target in view!
There is an open door here.
Key pressed, stopping explore.
Key pressed, stopping explore.
Key pressed, stopping explore.
No target in view!
No target in view!
Key pressed, stopping explore.
No target in view!
No target in view!
Done exploring.
Done exploring.
No target in view!
Done exploring.
No target in view!
Done exploring.
Done exploring.
Done exploring.
Done exploring.
Done exploring.
Done exploring.
Done exploring.
Done exploring.
Done exploring.
Done exploring.
Done exploring.
Done exploring.
Done exploring.
You see here 3 stones.
There is a stone staircase leading down here.
You climb downwards.
There is a stone staircase leading up here.
Found a stone staircase leading down. 2 orcs come into view.
The orc shouts!
There are monsters nearby!
An orc and an orc wizard come into view.
The orc shouts! x2
There are monsters nearby!
An orc comes into view. It is wielding a +0 dagger of venom.
The orc closely misses you.
You barely miss the orc. You hit the orc. The orc hits you but does no damage.
The orc wizard gestures at you while chanting.
The puff of flame hits you. 😮 HP[-6]
You take 6 damage, and now have 15/21 hp.
MASSIVE DAMAGE!! (PAUSE)
You are too injured to fight recklessly!
You hit the orc but do no damage. The orc barely misses you.
The orc misses you. The orc hits you but does no damage.
You hit the orc.
You kill the orc!
The orc hits you with a +0 club. The orc closely misses you.
Unknown command. 😮 HP[-1]
You take 1 damage, and now have 14/21 hp.
You hit the orc. The orc hits you but does no damage.
You are poisoned.
The orc hits you but does no damage.
The orc hits you with a +0 dagger. 😮 HP[-3]
You take 3 damage, and now have 11/21 hp.
You hit the orc.
You feel sick.
The orc hits you with a +0 dagger of venom.
* * * LOW HITPOINT WARNING * * *
You are lethally poisoned!
The orc wizard hits you with a +0 dagger.
* * * LOW HITPOINT WARNING * * *
The orc hits you with a +0 club.
You die...

Skill      XL: |  1  2 |
---------------+-------+-----
Unarmed Combat | 3 |  3.2
Shapeshifting  | 3 |  3.1
Fighting       | |  1.0
Dodging        | |  1.8

Action                     || total
---------------------------++-------
  Melee: Unarmed           ||    57
         Punch             ||     2
 Armour: Animal skin       ||    35
  Dodge: Dodged            ||    33

Levels and vault maps discovered:
D:1:      psy_arrival_spokes, layout_loops_ring
D:2:      layout_basic, basic_altar, dreamdust_ecumenical_altar_statues,
          patterned_corridor
D:3:      layout_rooms

Notes
Turn   | Place    | Note
-------+----------+-------------------------------------------
     0 | D:1      | ytrimaz the Demonspawn Shapeshifter began the quest for the
                  | Orb.
     0 | D:1      | Reached XP level 1. HP: 15/15 MP: 1/1
     0 | D:1      | magus.rc [v1.9.6]
    76 | D:1      | You add the spells Tukima's Dance, Passage of Golubria and
                  | Yara's Violent Unravelling to your library.
   259 | D:1      | Reached skill level 3 in Unarmed Combat
   259 | D:1      | Gained mutation: You are partially covered in molten
                  | scales. (AC +2) [demonic ancestry]
   259 | D:1      | Reached XP level 2. HP: 12/21 MP: 2/2
   366 | D:1      | Reached skill level 3 in Shapeshifting
   923 | D:2      | Found a shimmering blue altar of Sif Muna.
   976 | D:2      | Found a faded altar of an unknown god.
  1375 | D:3      | HP: 5/21 [orc wizard/+0 dagger (3)]
  1375 | D:3      | Slain by an orc

Vanquished Creatures
  A dart slug (D:2)
  An orc (D:3)
  3 bats
  2 endoplasms
  4 goblins
  3 hobgoblins (D:1)
  2 kobolds
  2 quokkas
18 creatures vanquished.

Table legend:
 A = Non-vault XP
 B = Vault XP
 C = Vault XP percentage of total XP
 D = Non-vault monster count
 E = Vault monster count
 F = Vault count percentage of total count
                 A         B        C        D         E       F
            +---------+---------+-------+---------+---------+-------
      Total |      37 |       0 |   0.0 |      18 |       0 |   0.0
            +---------+---------+-------+---------+---------+-------
        D:1 |      21 |       0 |   0.0 |      11 |       0 |   0.0
        D:2 |      13 |       0 |   0.0 |       6 |       0 |   0.0
        D:3 |       3 |       0 |   0.0 |       1 |       0 |   0.0
            +---------+---------+-------+---------+---------+-------

Skill      XL: |  1  2 |
---------------+-------+-----
Unarmed Combat | 3 |  3.2
Shapeshifting  | 3 |  3.1
Fighting       | |  1.0
Dodging        | |  1.8

Action                     || total
---------------------------++-------
  Melee: Unarmed           ||    57
         Punch             ||     2
 Armour: Animal skin       ||    35
  Dodge: Dodged            ||    33

Illustrated notes

Table legend:
 A = Kills in this place as a percentage of kills in the entire game.
 B = Kills by you in this place as a percentage of kills by you in the entire game.
 C = Kills by friends in this place as a percentage of kills by friends in the entire game.
 D = Other kills in this place as a percentage of other kills in the entire game.
 E = Experience gained in this place as a percentage of experience gained in the entire game.
 F = Experience gained in this place divided by the number of levels of this place that you have seen.
                   A       B       C       D       E      F
               +-------+-------+-------+-------+-------+----------------------
         Total | 100.0 | 100.0 |   N/A |   N/A | 100.0 |  12.3
       Dungeon | 100.0 | 100.0 |   N/A |   N/A | 100.0 |  12.3
               +-------+-------+-------+-------+-------+----------------------

Table legend: (Time is in decaauts)
 A = Elapsed time spent in this place.
 B = Non-inter-level travel time spent in this place.
 C = Inter-level travel time spent in this place.
 D = Time resting spent in this place.
 E = Time spent auto-exploring this place.
 F = Levels seen in this place.
 G = Mean time per level.
                   A        B        C        D        E       F      G
               +--------+--------+--------+--------+--------+-----+--------+
         Total |   1370 |   1328 |     42 |      0 |   1182 |   3 |  456.7 |
       Dungeon |   1370 |   1328 |     42 |      0 |   1182 |   3 |  456.7 |
               +--------+--------+--------+--------+--------+-----+--------+

Top non-repeatable levels by time:
     D:1: 781 daAuts
     D:2: 572 daAuts
     D:3: 17 daAuts
